 Dungeon Crawl Stone Soup version 0.29.1-15-g9cfb28693d (webtiles) character file.

Game seed: 2750049379511538775

46 ChiefBigBeans the Insei (level 3, -6/27 HPs)
             Began as a Merfolk Transmuter on Feb 23, 2023.
             Mangled by a worm (7 damage)
             ... on level 2 of the Dungeon.
             The game lasted 00:07:03 (2338 turns).

ChiefBigBeans the Insei (Merfolk Transmuter)        Turns: 2338, Time: 00:07:04

Health: -6/27      AC:  3    Str: 10    XL:     3   Next: 68%
Magic:  6/6        EV: 13    Int: 14    God:
Gold:   49         SH:  0    Dex: 14    Spells: 0/6 levels left

rFire   . . .      SeeInvis .   c - +0 short sword
rCold   . . .      Faith    .   (no shield)
rNeg    . . .      Spirit   .   a - +0 robe
rPois   .          Reflect  .   (no helmet)
rElec   .          Harm     .   (no cloak)
rCorr   .          Rampage  .   e - +0 pair of gloves
Will    .....                   (no boots)
Stlth   ++........              (no amulet)
HPRegen 0.09/turn               (no ring)
MPRegen 0.10/turn               (no ring)

@: no status effects
A: (nimble swimmer 2), mertail
a: no special abilities


You were on level 2 of the Dungeon.
You visited 1 branch of the dungeon, and saw 2 of its levels.

You collected 49 gold pieces.

Inventory:

Hand Weapons
 c - a +0 short sword (weapon)
Armour
 a - a +0 robe (worn)
 e - a +0 pair of gloves (worn)
Scrolls
 d - a scroll of vulnerability {unknown}
 g - a scroll of amnesia {unknown}
Potions
 b - 2 potions of lignification
 f - a potion of ambrosia {unknown}


   Skills:
 + Level 1.9 Fighting
 + Level 3.3 Dodging
 + Level 1.3 Stealth
 - Level 3.3 Unarmed Combat
 + Level 2.4 Spellcasting
 + Level 3.3 Transmutations


You couldn't memorise any spells.
You knew the following spells:

 Your Spells              Type           Power      Damage    Failure   Level
a - Beastly Appendage     Tmut           20%        N/A       6%          1
b - Wereblood             Tmut           10%        N/A       9%          2
c - Spider Form           Tmut/Pois      6%         N/A       34%         3

Your spell library contained the following spells:

 Spells                   Type           Power      Damage    Failure   Level
 Apportation              Tloc           2%         N/A       22%         1
 Ice Form                 Ice/Tmut       6%         N/A       75%         4
 Alistair's Intoxication  Tmut/Pois      4%         N/A       97%         5


Dungeon Overview and Level Annotations

Branches:
Dungeon (2/15)

Altars:


Innate Abilities, Weirdness & Mutations

((You are very nimble when in or above water. (Stealth+, EV+, Speed+++)))
Your lower body shifts to a powerful aquatic tail in water.


Message History

You hit the worm but do no damage.
The worm is severely wounded.
You barely miss the worm.
The worm is severely wounded.
The worm bites you but does no damage.
You hit the worm but do no damage.
The worm is severely wounded.
The worm misses you.
You hit the worm but do no damage.
The worm is heavily wounded.
You barely miss the worm.
The worm is heavily wounded.
The worm barely misses you.
You hit the worm but do no damage.
The worm is heavily wounded.
The worm closely misses you.
You hit the worm but do no damage.
The worm is heavily wounded.
You hit the worm.
The worm is severely wounded.
The worm misses you.
You hit the worm.
The worm is severely wounded.
The worm bites you!
* * * LOW HITPOINT WARNING * * *
You barely miss the worm.
The worm is severely wounded.
You hit the worm.
The worm is severely wounded.
The worm misses you.
You hit the worm.
The worm is severely wounded.
The worm bites you.
* * * LOW HITPOINT WARNING * * *
You hit the worm.
The worm is almost dead.
You hit the worm but do no damage.
The worm is almost dead.
The worm bites you!
You die...

#..## +...##
#.#..##
#..#..#
#.... #..#
###†.#
##.#..#
##..#@.#
##...'w.#
##....#..#
##†....#..#
##.)...##.##
#.....###..
###+### #..
...# ..#


You could see a worm.

Vanquished Creatures
  3 bats (D:1)
  4 endoplasms (D:1)
  A giant cockroach (D:2)
  6 goblins
  2 hobgoblins (D:1)
  4 jackals (D:1)
  8 kobolds (D:1)
  2 quokkas (D:1)
  6 ball pythons (D:1)
  2 frilled lizards (D:1)
  2 rats
40 creatures vanquished.

Notes
Turn   | Place    | Note
-------+----------+-------------------------------------------
     0 | D:1      | ChiefBigBeans the Merfolk Transmuter began the quest for
                  | the Orb.
     0 | D:1      | Reached XP level 1. HP: 15/15 MP: 3/3
   171 | D:1      | Reached XP level 2. HP: 13/21 MP: 3/5
   829 | D:1      | Found a faded altar of an unknown god.
   953 | D:1      | Reached skill level 1 in Stealth
   966 | D:1      | Reached XP level 3. HP: 8/27 MP: 4/6
  1779 | D:1      | Learned a level 2 spell: Wereblood
  1783 | D:1      | Learned a level 3 spell: Spider Form
  1820 | D:1      | Found Tudesi's Assorted Antiques.
  2336 | D:2      | HP: 1/27 [worm (2)]
  2338 | D:2      | Mangled by a worm

Illustrated notes

Levels and vault maps discovered:
D:1:      lemuel_arrival_cross, layout_loops_ring, serial_shops, shop_fountains,
          dreamdust_ecumenical_altar_statues, nrook_mini_backslash
D:2:      layout_basic, serial_shops, shop_statue, minmay_quadrilaterals

Skill      XL: |  1  2 |
---------------+-------+-----
Dodging        | 3 |  3.3
Transmutations | 3 |  3.3
Stealth        | 1 |  1.3
Fighting       | |  1.9
Unarmed Combat | |  3.3
Spellcasting   | |  2.4

Action                   || total
-------------------------++-------
Melee: Unarmed           ||    12
       Short sword       ||   159
       Headbutt          ||     9
       Punch             ||     3
 Cast: Beastly Appendage ||     6
 Stab: Sleeping          ||     3
Armor: Robe              ||    41
Dodge: Dodged            ||   117
